 Dungeon Crawl Stone Soup version 0.30-a0-12-gd8047c6341 (webtiles) character file.

Game seed: 6477891081103519051

65 SensoryNuts the Trooper (level 3, -2/29 HPs)
             Began as a Demonspawn Fighter on Aug 23, 2022.
             Frozen to death by an endoplasm (5 damage)
             ... on level 1 of the Dungeon.
             The game lasted 00:02:42 (1644 turns).

SensoryNuts the Trooper (Demonspawn Fighter)        Turns: 1644, Time: 00:02:42

Health: -2/29      AC:  7    Str: 18    XL:     3   Next: 94%
Magic:  3/3        EV:  9    Int:  9    God:
Gold:   96         SH:  4    Dex: 12    Spells: 2/2 levels left

rFire   . . .      SeeInvis .    a - +2 war axe
rCold   . . .      Faith    .    c - +0 buckler
rNeg    . . .      Spirit   .    b - +0 scale mail
rPois   .          Reflect  .    (no helmet)
rElec   .          Harm     .    (no cloak)
rCorr   .          Rampage  .    (no gloves)
Will    .....                    e - +0 pair of boots
Stlth   ..........               (no amulet)
HPRegen 0.09/turn                (no ring)
MPRegen 0.08/turn                (no ring)

@: no status effects
A: claws 1
a: no special abilities


You were on level 1 of the Dungeon.
You visited 1 branch of the dungeon, and saw 2 of its levels.

You collected 96 gold pieces.

Inventory:

Hand Weapons
 a - a +2 war axe (weapon)
Armour
 b - a +0 scale mail (worn)
 c - a +0 buckler (worn)
 e - a +0 pair of boots (worn)
Scrolls
 g - a scroll of brand weapon {unknown}
 h - a scroll of poison {unknown}
 i - a scroll of teleportation
Potions
 d - a potion of might
 f - 2 potions of cancellation


   Skills:
 + Level 3.3 Fighting
 * Level 3.0 Axes
 + Level 3.1 Armour
 + Level 0.2 Dodging
 + Level 2.8 Shields


You had 2 spell levels left.
You didn't know any spells.
Your spell library contained the following spells:

 Spells                   Type           Power      Damage    Failure   Level
 Magic Dart               Conj           0%         1d3       86%         1
 Necrotise                Necr           0%         1d4       86%         1
 Call Imp                 Summ           0%         N/A       94%         2
 Mephitic Cloud           Conj/Pois/Air  0%         N/A       99%         3
 Vampiric Draining        Necr           0%         2d6       99%         3
 Agony                    Necr           0%         N/A       100%        5


Dungeon Overview and Level Annotations

Branches:
Dungeon (2/15)

Altars:

Shops:
D:1 *


Innate Abilities, Weirdness & Mutations

You have sharp fingernails.


Message History

The adder bites you. The adder bites you but does no damage.
You miss the adder.
The adder is almost dead.
The adder barely misses you.
A ball python comes into view.
The adder closely misses you.
Unknown command.
The ball python hisses angrily.
You slash the adder!
You kill the adder!
A goblin comes into view. It is wielding a +0 dagger.
Your Axes skill increases to level 3!
Unknown command.
An endoplasm comes into view.
The endoplasm quivers.
The kobold throws a stone.
You block the stone.
The kobold throws a stone.
The stone hits you but does no damage.
The kobold throws a stone.
The stone barely misses you. The hobgoblin attacks as you move away!
The hobgoblin hits you but does no damage.
The hobgoblin throws a boomerang.
The boomerang hits you.
* * * LOW HITPOINT WARNING * * *
The endoplasm jiggles.
The kobold hits you with a +0 short sword.
* * * LOW HITPOINT WARNING * * *
The hobgoblin throws a boomerang.
The boomerang closely misses you.
Okay, then.
The kobold attacks as you move away! The kobold hits you but does no damage.
The kobold attacks as you move away! You block the kobold's attack.
Found 16 gold pieces.
The kobold throws a stone.
The stone hits you but does no damage.
There is a stone staircase leading up here.
The endoplasm hits you but does no damage.
You climb upwards.
There is a stone staircase leading down here.
You hit the endoplasm.
The endoplasm is almost dead.
The endoplasm freezes you.
You are frozen.
You die...

.........##..###)##.#
####)######..# #.##.#
###...# #[.# #.##.#
....8.# #..# #.##.#
###...# #..# #.##.# #
##### #..# #.##.#
###...# ##..# #....#
....8.# #...# #J####
###...# #.#.# #@# #
##.#####.#.# #.#
###...#..#...# #.#####
....8.##.#..####.....#
###...#..........###.#
#######..#..########.#
#[###............##.#
#.......#.######.##.#
#####.#.#.# #.##.#


You could see an endoplasm.

Vanquished Creatures
  3 adders (D:2)
  4 ball pythons (D:1)
  A bat (D:1)
  4 endoplasms
  3 giant cockroaches
  6 goblins
  4 hobgoblins
  2 quokkas (D:1)
  2 frilled lizards
  2 kobolds (D:1)
  4 rats
35 creatures vanquished.

Notes
Turn   | Place    | Note
-------+----------+-------------------------------------------
     0 | D:1      | SensoryNuts the Demonspawn Fighter began the quest for the
                  | Orb.
     0 | D:1      | Reached XP level 1. HP: 18/18 MP: 1/1
   107 | D:1      | Gained mutation: You have sharp fingernails. [demonic
                  | ancestry]
   107 | D:1      | Reached XP level 2. HP: 7/24 MP: 2/2
   824 | D:1      | Found Gier's Assorted Antiques.
   993 | D:1      | Reached XP level 3. HP: 29/29 MP: 3/3
  1399 | D:2      | Found a faded altar of an unknown god.
  1644 | D:1      | Frozen to death by an endoplasm

Illustrated notes

Levels and vault maps discovered:
D:1:      minmay_arrival_nine_rooms, layout_loops_ring, serial_shops, shop
D:2:      layout_basic, ebering_ecumenical_altar_sacrificial, st_stairs_11,
          uniq_crazy_yiuf_cottage

Skill      XL: |  1  2  3 |
---------------+----------+-----
Axes           | 2 3 |  3.0
Armour         | 3 |  3.1
Fighting       | |  3.3
Dodging        | |  0.2
Shields        | |  2.8

Action                   || total
-------------------------++-------
Melee: War axe           ||    96
  Use: Scroll            ||     5
       Potion            ||     1
Armor: Scale mail        ||    63
Dodge: Dodged            ||    45
Block: Buckler           ||    33

Table legend: (Time is in decaauts)
 A = Elapsed time spent in this place.
 B = Non-inter-level travel time spent in this place.
 C = Inter-level travel time spent in this place.
 D = Time resting spent in this place.
 E = Time spent auto-exploring this place.
 F = Levels seen in this place.
 G = Mean time per level.
                   A        B        C        D        E       F      G
               +--------+--------+--------+--------+--------+-----+--------+
         Total |   1685 |   1539 |    146 |      0 |   1265 |   2 |  842.5 |
       Dungeon |   1685 |   1539 |    146 |      0 |   1265 |   2 |  842.5 |
               +--------+--------+--------+--------+--------+-----+--------+

Top non-repeatable levels by time:
     D:1: 1338 daAuts
     D:2: 346 daAuts
